Cape Breton Oilers vs Rhode Island Whales
Created - Tuesday, June 25, 2024 at 05:57
Goals
|
| Cape Breton Oilers |
2 |
2 |
1 |
5 |
| Rhode Island Whales |
1 |
3 |
0 |
4 |
|
Shots
|
| Cape Breton Oilers |
12 |
9 |
10 |
31 |
| Rhode Island Whales |
13 |
19 |
4 |
36 |
|
1st period
1. Cape Breton Oilers , Will Cuylle 9 (Max Jones 13, Parker Kelly 7) at 6:08
2. Cape Breton Oilers , Sam Carrick 5 (Alexey Toropchenko 14) at 15:43 (SH)
3. Rhode Island Whales , Lias Andersson 9 (Graeme Clarke 6) at 15:51 (PP)
Penalties :
Oliver Wahlstrom (RIW) for Hooking (Minor) at 2:02, Oliver Wahlstrom (RIW) for Fighting (Major) at 10:29, Dylan McIlrath (CBO) for Fighting (Major) at 10:29, Oliver Wahlstrom (RIW) for instigated a fight (Minor) at 10:29, Oliver Wahlstrom (RIW) for instigated a fight (10 Minutes Misconduct) at 10:29, Noel Acciari (CBO) for Holding (Minor) at 14:55, Dylan McIlrath (CBO) for Holding (Minor) at 16:15
2nd period
4. Rhode Island Whales , Braden Schneider 2 (Paul Stastny 17, Lukas Reichel 10) at 1:34 (PP)
5. Rhode Island Whales , Lias Andersson 10 (Graeme Clarke 7) at 9:34
6. Cape Breton Oilers , Leon Gawanke 2 (Brett Seney 14, Hudson Fasching 8) at 10:24
7. Rhode Island Whales , Nils Lundkvist 1 (Justin Barron 5, Lias Andersson 15) at 13:31
8. Cape Breton Oilers , Alexey Toropchenko 7 (Luke Evangelista 13, Philip Broberg 10) at 14:20 (PP)
Penalties :
Torey Krug (RIW) for Fighting (Major) at 1:28, Will Cuylle (CBO) for Fighting (Major) at 1:28, Will Cuylle (CBO) for instigated a fight (Minor) at 1:28, Will Cuylle (CBO) for instigated and being the aggresor in a fight (20 Minutes Game Misconduct) at 1:28, Dylan McIlrath (CBO) for Interference (Minor) at 4:30, Oliver Wahlstrom (RIW) for Fighting (Major) at 12:59, Jonah Gadjovich (CBO) for Fighting (Major) at 12:59, Lukas Reichel (RIW) for Holding Stick (Minor) at 13:46
3rd period
9. Cape Breton Oilers , Hudson Fasching 10 (Carl Grundstrom 10, Dylan McIlrath 5) at 2:41 (PP)
Penalties :
Nils Lundkvist (RIW) for Hooking (Minor) at 1:17, William Trudeau (CBO) for Tripping (Minor) at 8:42, Connor Clifton (RIW) for Fighting (Major) at 15:58, Max Jones (CBO) for Fighting (Major) at 15:58, Raphael Lavoie (RIW) for Fighting (Major) at 16:05, Luke Evangelista (CBO) for Fighting (Major) at 16:05
Goalie Stats
Jack Campbell (CBO), 32 saves from 36 shots - (0.889), W, 9-3-0, 60:00 minutes
Martin Jones (RIW), 26 saves from 31 shots - (0.839), L, 10-6-1, 60:00 minutes
Players Stats for Cape Breton Oilers
Player Name G A P +/- PIM S H SB GA TA FO MP PP MP PK MP
------------------------------------------------------------------------------------
Alexey Toropchenko 1 1 2 1 0 3 1 2 1 2 0/0 20:33 2:49 3:09
Brett Seney 0 1 1 0 0 5 0 0 2 0 10/17 17:43 3:04 0:30
Carl Grundstrom 0 1 1 0 0 2 3 1 1 1 0/0 16:26 3:04 0:00
Dylan McIlrath 0 1 1 2 9 0 2 0 0 2 0/0 16:35 1:53 1:13
Hudson Fasching 1 1 2 0 0 2 2 0 0 0 1/1 16:24 3:04 0:00
Jonah Gadjovich 0 0 0 -1 5 0 0 0 1 0 0/1 8:06 0:00 0:00
Kevin Bahl 0 0 0 -1 0 1 4 3 0 2 0/0 26:25 3:05 3:37
Leon Gawanke 1 0 1 2 0 2 1 1 0 0 0/0 20:57 2:51 3:22
Luke Evangelista 0 1 1 0 5 3 0 0 3 0 0/0 17:18 2:49 0:02
Matt Luff 0 0 0 -1 0 0 1 0 1 0 1/1 8:43 0:00 0:00
Max Jones 0 1 1 1 5 5 2 1 0 0 2/3 12:55 0:06 0:55
Noel Acciari 0 0 0 0 2 1 3 0 0 0 11/29 20:27 2:49 2:55
Parker Kelly 0 1 1 1 0 3 1 1 0 0 2/7 17:06 0:03 3:20
Philip Broberg 0 1 1 -1 0 0 3 2 0 1 0/0 26:25 3:05 3:37
Sam Carrick 1 0 1 0 0 3 0 0 1 0 3/5 13:27 0:00 3:09
Vladislav Kolyachonok 0 0 0 0 0 0 1 1 0 1 0/0 15:00 0:58 0:38
Will Cuylle 1 0 1 1 27 1 0 0 0 0 0/0 3:35 0:00 0:00
William Trudeau 0 0 0 1 2 0 1 0 0 0 0/0 15:04 0:00 1:46
Players Stats for Rhode Island Whales
Player Name G A P +/- PIM S H SB GA TA FO MP PP MP PK MP
------------------------------------------------------------------------------------
Braden Schneider 1 0 1 -1 0 1 1 2 1 2 0/0 21:38 3:19 2:50
Brayden Tracey 0 0 0 -1 0 1 1 0 0 0 0/0 11:06 0:00 0:00
Brett Howden 0 0 0 2 0 2 1 0 2 1 1/1 16:58 3:25 0:00
Connor Clifton 0 0 0 -1 5 1 0 1 1 0 0/0 19:38 3:36 2:50
Cross Hanas 0 0 0 -1 0 1 0 0 0 0 0/0 8:08 0:00 0:00
Graeme Clarke 0 2 2 2 0 1 0 1 0 1 2/2 16:58 3:25 0:00
Isak Rosen 0 0 0 -1 0 0 0 0 1 0 0/2 8:08 0:00 0:00
Justin Barron 0 1 1 0 0 2 0 0 0 1 0/0 18:47 0:49 3:06
Lias Andersson 2 1 3 2 0 5 5 0 0 0 5/15 20:02 3:32 2:55
Lukas Reichel 0 1 1 -1 2 7 3 0 1 1 1/3 20:13 3:19 2:48
Martin Kaut 0 0 0 -1 0 3 0 0 0 0 0/1 12:30 0:43 0:00
Nils Lundkvist 1 0 1 0 2 1 3 0 0 0 0/0 13:30 0:00 0:00
Oliver Wahlstrom 0 0 0 0 24 2 1 0 0 1 1/1 12:01 1:23 0:47
Paul Stastny 0 1 1 -1 0 1 1 0 1 1 20/31 20:21 3:16 3:18
Raphael Lavoie 0 0 0 -2 5 5 2 0 1 0 4/8 15:20 1:44 0:29
Simon Holmstrom 0 0 0 -1 0 2 0 0 0 0 0/0 12:14 0:10 1:35
Torey Krug 0 0 0 0 5 1 2 0 1 1 0/0 20:25 2:34 0:00
Trevor van Riemsdyk 0 0 0 0 0 0 3 0 0 1 0/0 25:59 3:40 3:06
3 Stars
1 - Lias Andersson (RIW)
2 - Alexey Toropchenko (CBO)
3 - Hudson Fasching (CBO)
Power Play
Cape Breton Oilers - 2 on 4 Attempt(s) - 50.00%
Rhode Island Whales - 2 on 5 Attempt(s) - 40.00%
Penalty Kill
Cape Breton Oilers - 3 on 5 Attempt(s) - 60.00%
- Score 1 goal in Penalty Kill
Rhode Island Whales - 2 on 4 Attempt(s) - 50.00%
- Score 0 goal in Penalty Kill
Team Stat
Cape Breton Oilers - Hits : 25 - Faceoff Wins : 30 - Blocked Shots : 12 - Penalty Minutes : 55
Rhode Island Whales - Hits : 23 - Faceoff Wins : 34 - Blocked Shots : 4 - Penalty Minutes : 43
Official
Referees : Kendrick Nicholson and Wes McCauley
Linesman : Trent Knorr and Matt MacPherson
Game Notes
Oliver Wahlstrom and Dylan McIlrath fight to a draw at 10:29 of 1st period
Torey Krug and Will Cuylle fight to a draw at 1:28 of 2nd period
Will Cuylle ejected from game at 1:28 of 2nd period
Will Cuylle from Cape Breton Oilers is suspended for 4 game(s)
Oliver Wahlstrom and Jonah Gadjovich fight to a draw at 12:59 of 2nd period
Connor Clifton and Max Jones fight to a draw at 15:58 of 3rd period
Raphael Lavoie and Luke Evangelista fight to a draw at 16:05 of 3rd period
Cape Breton Oilers
5 vs 5 Forward
Center Left Wing Right Wing Time % Phy DF OF
1 Noel Acciari Alexey Toropchenko Luke Evangelista 30 1 2 2
2 Brett Seney Carl Grundstrom Hudson Fasching 30 1 2 2
3 Parker Kelly Will Cuylle Max Jones 25 1 2 2
4 Sam Carrick Jonah Gadjovich Matt Luff 15 1 2 2
5 vs 5 Defense
Defense Defense Time % Phy DF OF
1 Kevin Bahl Philip Broberg 30 1 2 2
2 Dylan McIlrath Leon Gawanke 30 1 2 2
3 Vladislav Kolyachonok William Trudeau 25 1 2 2
4 Kevin Bahl Philip Broberg 15 1 2 2
PowerPlay Forward
Center Left Wing Right Wing Time % Phy DF OF
1 Noel Acciari Alexey Toropchenko Luke Evangelista 50 1 2 2
2 Brett Seney Carl Grundstrom Hudson Fasching 50 1 2 2
PowerPlay Defense
Defense Defense Time % Phy DF OF
1 Kevin Bahl Philip Broberg 50 1 2 2
2 Dylan McIlrath Leon Gawanke 50 1 2 2
Penalty Kill 4 Players Forward
Center Wing Time % Phy DF OF
1 Noel Acciari Parker Kelly 50 1 2 2
2 Sam Carrick Alexey Toropchenko 50 1 2 2
Penalty Kill 4 Players Defense
Defense Defense Time % Phy DF OF
1 Kevin Bahl Philip Broberg 50 1 2 2
2 Dylan McIlrath Leon Gawanke 50 1 2 2
Penalty Kill - 3 Players Forward
Forward Time % Phy DF OF
1 Noel Acciari 50 1 2 2
2 Parker Kelly 50 1 2 2
Penalty Kill - 3 Players Defense
Defense Defense Time % Phy DF OF
1 Kevin Bahl Philip Broberg 50 1 2 2
2 Dylan McIlrath Leon Gawanke 50 1 2 2
4 vs 4 Forward
Center Wing Time % Phy DF OF
1 Luke Evangelista Noel Acciari 50 1 2 2
2 Alexey Toropchenko Brett Seney 50 1 2 2
4 vs 4 Defense
Defense Defense Time % Phy DF OF
1 Kevin Bahl Philip Broberg 50 1 2 2
2 Dylan McIlrath Leon Gawanke 50 1 2 2
Last Minutes Offensive
Center Left Wing Right Wing Defense Defense
Noel Acciari Alexey Toropchenko Luke Evangelista Kevin Bahl Philip Broberg
Last Minutes Defensive
Center Left Wing Right Wing Defense Defense
Noel Acciari Parker Kelly Sam Carrick Kevin Bahl Philip Broberg
Goaltenders
Starting : Jack Campbell
Backup : Matt Villalta
Extra Forwards
Normal : Luke Evangelista, Noel Acciari, Alexey Toropchenko - PP : Luke Evangelista, Noel Acciari - PK : Max Jones
Extra Defensemen
Normal : Vladislav Kolyachonok, William Trudeau, Dylan McIlrath - PP : Vladislav Kolyachonok - PK : William Trudeau, Dylan McIlrath
Penalty Shots
Luke Evangelista, Noel Acciari, Alexey Toropchenko, Brett Seney, Carl Grundstrom
Rhode Island Whales
5 vs 5 Forward
Center Left Wing Right Wing Time % Phy DF OF
1 Paul Stastny Lukas Reichel Oliver Wahlstrom 30 1 2 2
2 Lias Andersson Brett Howden Graeme Clarke 30 1 2 2
3 Raphael Lavoie Brayden Tracey Martin Kaut 25 1 2 2
4 Isak Rosen Cross Hanas Simon Holmstrom 15 1 2 2
5 vs 5 Defense
Defense Defense Time % Phy DF OF
1 Torey Krug Trevor van Riemsdyk 30 1 2 2
2 Connor Clifton Braden Schneider 30 1 2 2
3 Justin Barron Nils Lundkvist 25 1 2 2
4 Torey Krug Trevor van Riemsdyk 15 1 2 2
PowerPlay Forward
Center Left Wing Right Wing Time % Phy DF OF
1 Paul Stastny Lukas Reichel Oliver Wahlstrom 50 1 2 2
2 Lias Andersson Brett Howden Graeme Clarke 50 1 2 2
PowerPlay Defense
Defense Defense Time % Phy DF OF
1 Torey Krug Trevor van Riemsdyk 50 1 1 3
2 Connor Clifton Braden Schneider 50 1 2 2
Penalty Kill 4 Players Forward
Center Wing Time % Phy DF OF
1 Lukas Reichel Oliver Wahlstrom 50 1 3 1
2 Paul Stastny Lias Andersson 50 1 3 1
Penalty Kill 4 Players Defense
Defense Defense Time % Phy DF OF
1 Justin Barron Trevor van Riemsdyk 50 1 3 1
2 Connor Clifton Braden Schneider 50 1 3 1
Penalty Kill - 3 Players Forward
Forward Time % Phy DF OF
1 Lukas Reichel 50 1 3 1
2 Oliver Wahlstrom 50 1 3 1
Penalty Kill - 3 Players Defense
Defense Defense Time % Phy DF OF
1 Justin Barron Trevor van Riemsdyk 50 1 4 0
2 Connor Clifton Braden Schneider 50 1 4 0
4 vs 4 Forward
Center Wing Time % Phy DF OF
1 Lukas Reichel Oliver Wahlstrom 50 1 2 2
2 Paul Stastny Lias Andersson 50 1 2 2
4 vs 4 Defense
Defense Defense Time % Phy DF OF
1 Torey Krug Trevor van Riemsdyk 50 1 2 2
2 Connor Clifton Braden Schneider 50 1 2 2
Last Minutes Offensive
Center Left Wing Right Wing Defense Defense
Paul Stastny Lukas Reichel Oliver Wahlstrom Torey Krug Trevor van Riemsdyk
Last Minutes Defensive
Center Left Wing Right Wing Defense Defense
Paul Stastny Lukas Reichel Oliver Wahlstrom Braden Schneider Trevor van Riemsdyk
Goaltenders
Starting : Martin Jones
Backup : Dylan Garand
Extra Forwards
Normal : Raphael Lavoie, Martin Kaut, Simon Holmstrom - PP : Raphael Lavoie, Martin Kaut - PK : Simon Holmstrom
Extra Defensemen
Normal : Justin Barron, Nils Lundkvist, Connor Clifton - PP : Justin Barron - PK : Nils Lundkvist, Connor Clifton
Penalty Shots
Lukas Reichel, Oliver Wahlstrom, Paul Stastny, Lias Andersson, Brett Howden
% Time on Ice - Cape Breton Oilers
Lines # - Real PCT - Wanted PCT - Time Play
Normal Forward
1 - 23% - 30% - 10:43
2 - 31% - 30% - 14:19
3 - 26% - 25% - 12:08
4 - 19% - 15% - 8:43
Normal Defense
1 - 30% - 30% - 13:43
2 - 32% - 30% - 14:44
3 - 28% - 25% - 12:38
4 - 10% - 15% - 4:48
PP Forward
1 - 48% - 50% - 2:52
2 - 52% - 50% - 3:04
PP Defense
1 - 52% - 50% - 3:05
2 - 48% - 50% - 2:51
PK Forward
1 - 52% - 50% - 3:39
2 - 48% - 50% - 3:20
PK Defense
1 - 52% - 50% - 3:37
2 - 48% - 50% - 3:22
PK3 Forward
1 - 0% - 50%
2 - 0% - 50%
PK3 Defense
1 - 0% - 50%
2 - 0% - 50%
44 Forward
1 - 0% - 50%
2 - 0% - 50%
44 Defense
1 - 0% - 50%
2 - 0% - 50%
Last Minute Offensive - 0:00
Last Minute Defensive - 1:12
Total
Forward - 60:00
Defense - 60:00
|
% Time on Ice - Rhode Island Whales
Lines # - Real PCT - Wanted PCT - Time Play
Normal Forward
1 - 28% - 30% - 12:58
2 - 30% - 30% - 13:44
3 - 24% - 25% - 11:06
4 - 18% - 15% - 8:08
Normal Defense
1 - 30% - 30% - 14:00
2 - 32% - 30% - 14:32
3 - 26% - 25% - 11:54
4 - 12% - 15% - 5:30
PP Forward
1 - 51% - 50% - 3:34
2 - 49% - 50% - 3:25
PP Defense
1 - 53% - 50% - 3:40
2 - 47% - 50% - 3:19
PK Forward
1 - 53% - 50% - 3:07
2 - 47% - 50% - 2:49
PK Defense
1 - 52% - 50% - 3:06
2 - 48% - 50% - 2:50
PK3 Forward
1 - 0% - 50%
2 - 0% - 50%
PK3 Defense
1 - 0% - 50%
2 - 0% - 50%
44 Forward
1 - 0% - 50%
2 - 0% - 50%
44 Defense
1 - 0% - 50%
2 - 0% - 50%
Last Minute Offensive - 1:09
Last Minute Defensive - 0:00
Total
Forward - 60:00
Defense - 60:00
|
Play-by-Play
1st period
0:01 of 1st period - Oliver Wahlstrom wins face-off versus Noel Acciari in neutral zone.
0:08 of 1st period - Wrist shot by Oliver Wahlstrom.
0:08 of 1st period - Stopped by Jack Campbell with a rebound.
1:46 of 1st period - Wrist shot by Luke Evangelista.
1:46 of 1st period - Stopped by Martin Jones with a rebound.
2:02 of 1st period - Minor Penalty to Oliver Wahlstrom for Hooking.
2:03 of 1st period - Lukas Reichel wins face-off versus Noel Acciari in Rhode Island Whales zone.
3:05 of 1st period - Lukas Reichel is hit by Noel Acciari.
4:02 of 1st period - Penalty to Oliver Wahlstrom is over, Oliver Wahlstrom is back on ice.
4:40 of 1st period - Parker Kelly is hit by Brayden Tracey and loses puck.
4:51 of 1st period - Parker Kelly is hit by Lias Andersson and loses puck.
5:08 of 1st period - Oliver Wahlstrom is hit by Kevin Bahl and loses puck.
5:34 of 1st period - Icing by Jonah Gadjovich.
5:35 of 1st period - Brett Seney wins face-off versus Lias Andersson in Cape Breton Oilers zone.
6:08 of 1st period - Wrist shot by Will Cuylle.
6:08 of 1st period - Goal by Will Cuylle - Cape Breton Oilers : 1 - Rhode Island Whales : 0.
6:09 of 1st period - Noel Acciari wins face-off versus Lias Andersson in neutral zone.
6:37 of 1st period - Snap shot by Oliver Wahlstrom.
6:37 of 1st period - Stopped by Jack Campbell without a rebound.
6:38 of 1st period - Brett Seney wins face-off versus Paul Stastny in Cape Breton Oilers zone.
6:45 of 1st period - Wrist shot by Brett Seney.
6:45 of 1st period - Stopped by Martin Jones without a rebound.
6:46 of 1st period - Noel Acciari wins face-off versus Raphael Lavoie in Rhode Island Whales zone.
7:13 of 1st period - Snap shot by Hudson Fasching.
7:13 of 1st period - Deflect By Carl Grundstrom.
7:13 of 1st period - Stopped by Martin Jones with a rebound.
7:15 of 1st period - Snap shot by Carl Grundstrom.
7:15 of 1st period - Stopped by Martin Jones with a rebound.
7:21 of 1st period - Snap shot by Hudson Fasching.
7:21 of 1st period - Shot Misses the Net.
7:37 of 1st period - Wrist shot by Lias Andersson.
7:37 of 1st period - Stopped by Jack Campbell with a rebound.
7:39 of 1st period - Snap shot by Brett Howden.
7:39 of 1st period - Shot Misses the Net.
7:41 of 1st period - Slapshot by Trevor van Riemsdyk.
7:41 of 1st period - Deflect By Graeme Clarke.
7:41 of 1st period - Shot Blocked by Max Jones.
7:41 of 1st period - Puck is out of play.
7:42 of 1st period - Raphael Lavoie wins face-off versus Noel Acciari in Cape Breton Oilers zone.
8:09 of 1st period - Lukas Reichel is hit by Hudson Fasching.
8:27 of 1st period - Nils Lundkvist is hit by Max Jones and loses puck.
9:02 of 1st period - Slapshot by Isak Rosen.
9:02 of 1st period - Shot Misses the Net.
9:16 of 1st period - Slapshot by Luke Evangelista.
9:16 of 1st period - Stopped by Martin Jones without a rebound.
9:17 of 1st period - Paul Stastny wins face-off versus Noel Acciari in Rhode Island Whales zone.
9:26 of 1st period - Wrist shot by Luke Evangelista.
9:26 of 1st period - Shot Blocked by Braden Schneider.
9:28 of 1st period - Slapshot by Noel Acciari.
9:28 of 1st period - Stopped by Martin Jones with a rebound.
9:30 of 1st period - Slapshot by Alexey Toropchenko.
9:30 of 1st period - Deflect By Luke Evangelista.
9:30 of 1st period - Shot Misses the Net.
9:30 of 1st period - Puck is out of play.
9:31 of 1st period - Graeme Clarke wins face-off versus Brett Seney in Rhode Island Whales zone.
9:31 of 1st period - Graeme Clarke is hit by Hudson Fasching.
9:57 of 1st period - Noel Acciari is hit by Raphael Lavoie and loses puck.
10:06 of 1st period - Wrist shot by Raphael Lavoie.
10:06 of 1st period - Stopped by Jack Campbell without a rebound.
10:07 of 1st period - Paul Stastny wins face-off versus Parker Kelly in Cape Breton Oilers zone.
10:12 of 1st period - Slapshot by Paul Stastny.
10:12 of 1st period - Deflect By Lukas Reichel.
10:12 of 1st period - Stopped by Jack Campbell without a rebound.
10:13 of 1st period - Paul Stastny wins face-off versus Parker Kelly in Cape Breton Oilers zone.
10:29 of 1st period - Oliver Wahlstrom and Dylan McIlrath fight to a draw.
10:29 of 1st period - Penalty to Oliver Wahlstrom for Fighting.
10:29 of 1st period - Penalty to Dylan McIlrath for Fighting.
10:29 of 1st period - Penalty to Oliver Wahlstrom for instigated a fight.
10:29 of 1st period - Penalty to Oliver Wahlstrom for instigated a fight.
10:30 of 1st period - Brett Seney wins face-off versus Paul Stastny in neutral zone.
10:59 of 1st period - Snap shot by Alexey Toropchenko.
10:59 of 1st period - Deflect By Noel Acciari.
10:59 of 1st period - Shot Misses the Net.
10:59 of 1st period - Puck is out of play.
11:00 of 1st period - Noel Acciari wins face-off versus Lukas Reichel in Rhode Island Whales zone.
12:10 of 1st period - Icing by Luke Evangelista.
12:11 of 1st period - Noel Acciari wins face-off versus Lukas Reichel in Cape Breton Oilers zone.
12:29 of 1st period - Penalty to Oliver Wahlstrom is over, Raphael Lavoie is send on ice.
12:36 of 1st period - Vladislav Kolyachonok is hit by Lias Andersson and loses puck.
12:43 of 1st period - Lias Andersson is hit by Max Jones and loses puck.
13:27 of 1st period - Wrist shot by Simon Holmstrom.
13:27 of 1st period - Stopped by Jack Campbell with a rebound.
14:40 of 1st period - Wrist shot by Lukas Reichel.
14:40 of 1st period - Stopped by Jack Campbell without a rebound.
14:41 of 1st period - Paul Stastny wins face-off versus Noel Acciari in Cape Breton Oilers zone.
14:46 of 1st period - Backhand shot by Lukas Reichel.
14:46 of 1st period - Stopped by Jack Campbell with a rebound.
14:48 of 1st period - Snap shot by Paul Stastny.
14:48 of 1st period - Shot Blocked by Alexey Toropchenko.
14:50 of 1st period - Slapshot by Trevor van Riemsdyk.
14:50 of 1st period - Shot Misses the Net.
14:55 of 1st period - Minor Penalty to Noel Acciari for Holding.
14:56 of 1st period - Max Jones wins face-off versus Paul Stastny in Cape Breton Oilers zone.
15:29 of 1st period - Penalty to Dylan McIlrath is over, Dylan McIlrath is back on ice.
15:41 of 1st period - Slapshot by Alexey Toropchenko.
15:41 of 1st period - Shot Misses the Net.
15:43 of 1st period - Wrist shot by Sam Carrick.
15:43 of 1st period - Goal by Sam Carrick - Cape Breton Oilers : 2 - Rhode Island Whales : 0.
15:44 of 1st period - Lias Andersson wins face-off versus Max Jones in neutral zone.
15:49 of 1st period - Wrist shot by Lias Andersson.
15:49 of 1st period - Stopped by Jack Campbell with a rebound.
15:51 of 1st period - Wrist shot by Lias Andersson.
15:51 of 1st period - Goal by Lias Andersson - Cape Breton Oilers : 2 - Rhode Island Whales : 1.
15:52 of 1st period - Lias Andersson wins face-off versus Brett Seney in neutral zone.
16:06 of 1st period - Icing by Braden Schneider.
16:07 of 1st period - Lias Andersson wins face-off versus Noel Acciari in Rhode Island Whales zone.
16:15 of 1st period - Minor Penalty to Dylan McIlrath for Holding.
16:16 of 1st period - Lias Andersson wins face-off versus Noel Acciari in Cape Breton Oilers zone.
16:24 of 1st period - Snap shot by Lias Andersson.
16:24 of 1st period - Deflect By Graeme Clarke.
16:24 of 1st period - Stopped by Jack Campbell without a rebound.
16:25 of 1st period - Noel Acciari wins face-off versus Lias Andersson in Cape Breton Oilers zone.
17:10 of 1st period - Snap shot by Sam Carrick.
17:10 of 1st period - Stopped by Martin Jones without a rebound.
17:11 of 1st period - Sam Carrick wins face-off versus Paul Stastny in Rhode Island Whales zone.
17:54 of 1st period - Philip Broberg is hit by Torey Krug and loses puck.
18:15 of 1st period - Penalty to Dylan McIlrath is over, Dylan McIlrath is back on ice.
18:23 of 1st period - Backhand shot by Simon Holmstrom.
18:23 of 1st period - Stopped by Jack Campbell without a rebound.
18:24 of 1st period - Brett Seney wins face-off versus Isak Rosen in Cape Breton Oilers zone.
18:55 of 1st period - Wrist shot by Raphael Lavoie.
18:55 of 1st period - Stopped by Jack Campbell without a rebound.
18:56 of 1st period - Paul Stastny wins face-off versus Noel Acciari in Cape Breton Oilers zone.
19:28 of 1st period - Wrist shot by Parker Kelly.
19:28 of 1st period - Stopped by Martin Jones with a rebound.
19:30 of 1st period - Wrist shot by Max Jones.
19:30 of 1st period - Stopped by Martin Jones with a rebound.
19:32 of 1st period - Wrist shot by Max Jones.
19:32 of 1st period - Stopped by Martin Jones with a rebound.
19:48 of 1st period - Slapshot by Brett Howden.
19:48 of 1st period - Shot Misses the Net.
Goals for this period are 2 for Cape Breton Oilers vs 1 for Rhode Island Whales.
Shots for this period are 12 for Cape Breton Oilers vs 13 for Rhode Island Whales.
2nd period
0:01 of 2nd period - Raphael Lavoie wins face-off versus Brett Seney in neutral zone.
0:26 of 2nd period - Torey Krug is hit by Philip Broberg and loses puck.
0:33 of 2nd period - Slapshot by Will Cuylle.
0:33 of 2nd period - Deflect By Parker Kelly.
0:33 of 2nd period - Shot Misses the Net.
0:33 of 2nd period - Puck is out of play.
0:34 of 2nd period - Paul Stastny wins face-off versus Noel Acciari in Rhode Island Whales zone.
1:11 of 2nd period - Snap shot by Brett Howden.
1:11 of 2nd period - Stopped by Jack Campbell with a rebound.
1:13 of 2nd period - Slapshot by Graeme Clarke.
1:13 of 2nd period - Shot Blocked by Carl Grundstrom.
1:28 of 2nd period - Torey Krug and Will Cuylle fight to a draw.
1:28 of 2nd period - Penalty to Torey Krug for Fighting.
1:28 of 2nd period - Penalty to Will Cuylle for Fighting.
1:28 of 2nd period - Penalty to Will Cuylle for instigated a fight.
1:28 of 2nd period - Penalty to Will Cuylle for instigated and being the aggresor in a fight.
1:28 of 2nd period - Will Cuylle is ejected from game.
1:29 of 2nd period - Paul Stastny wins face-off versus Sam Carrick in Cape Breton Oilers zone.
1:32 of 2nd period - Snap shot by Paul Stastny.
1:32 of 2nd period - Shot Blocked by Kevin Bahl.
1:34 of 2nd period - Slapshot by Braden Schneider.
1:34 of 2nd period - Goal by Braden Schneider - Cape Breton Oilers : 2 - Rhode Island Whales : 2.
1:35 of 2nd period - Noel Acciari wins face-off versus Raphael Lavoie in neutral zone.
1:47 of 2nd period - Wrist shot by Martin Kaut.
1:47 of 2nd period - Stopped by Jack Campbell with a rebound.
1:49 of 2nd period - Wrist shot by Martin Kaut.
1:49 of 2nd period - Stopped by Jack Campbell with a rebound.
1:51 of 2nd period - Slapshot by Trevor van Riemsdyk.
1:51 of 2nd period - Deflect By Raphael Lavoie.
1:51 of 2nd period - Stopped by Jack Campbell without a rebound.
1:52 of 2nd period - Brett Seney wins face-off versus Lias Andersson in Cape Breton Oilers zone.
2:07 of 2nd period - Snap shot by Brett Seney.
2:07 of 2nd period - Stopped by Martin Jones with a rebound.
2:39 of 2nd period - Paul Stastny is hit by Kevin Bahl and loses puck.
3:46 of 2nd period - Carl Grundstrom is hit by Lias Andersson and loses puck.
3:53 of 2nd period - Lias Andersson is hit by Carl Grundstrom and loses puck.
4:18 of 2nd period - Cross Hanas is hit by Matt Luff and loses puck.
4:23 of 2nd period - Backhand shot by Sam Carrick.
4:23 of 2nd period - Stopped by Martin Jones without a rebound.
4:24 of 2nd period - Paul Stastny wins face-off versus Brett Seney in Rhode Island Whales zone.
4:30 of 2nd period - Minor Penalty to Dylan McIlrath for Interference.
4:31 of 2nd period - Paul Stastny wins face-off versus Noel Acciari in Cape Breton Oilers zone.
4:34 of 2nd period - Wrist shot by Paul Stastny.
4:34 of 2nd period - Shot Misses the Net.
4:36 of 2nd period - Snap shot by Raphael Lavoie.
4:36 of 2nd period - Shot Blocked by Parker Kelly.
4:38 of 2nd period - Slapshot by Connor Clifton.
4:38 of 2nd period - Shot Blocked by Leon Gawanke.
5:29 of 2nd period - 10 Minutes Misconduct Penalty to Oliver Wahlstrom is over.
6:28 of 2nd period - Penalty to Will Cuylle is over, Luke Evangelista is send on ice.
6:31 of 2nd period - Leon Gawanke is hit by Raphael Lavoie.
6:55 of 2nd period - Luke Evangelista is hit by Nils Lundkvist.
7:05 of 2nd period - Snap shot by Brett Seney.
7:05 of 2nd period - Stopped by Martin Jones without a rebound.
7:06 of 2nd period - Sam Carrick wins face-off versus Raphael Lavoie in Rhode Island Whales zone.
9:16 of 2nd period - Snap shot by Lukas Reichel.
9:16 of 2nd period - Stopped by Jack Campbell with a rebound.
9:18 of 2nd period - Slapshot by Connor Clifton.
9:18 of 2nd period - Stopped by Jack Campbell without a rebound.
9:19 of 2nd period - Sam Carrick wins face-off versus Lias Andersson in Cape Breton Oilers zone.
9:34 of 2nd period - Wrist shot by Lias Andersson.
9:34 of 2nd period - Goal by Lias Andersson - Cape Breton Oilers : 2 - Rhode Island Whales : 3.
9:35 of 2nd period - Noel Acciari wins face-off versus Paul Stastny in neutral zone.
9:44 of 2nd period - Wrist shot by Luke Evangelista.
9:44 of 2nd period - Shot Misses the Net.
9:46 of 2nd period - Slapshot by Luke Evangelista.
9:46 of 2nd period - Shot Misses the Net.
9:48 of 2nd period - Snap shot by Kevin Bahl.
9:48 of 2nd period - Shot Misses the Net.
9:50 of 2nd period - Snap shot by Kevin Bahl.
9:50 of 2nd period - Stopped by Martin Jones with a rebound.
10:20 of 2nd period - Snap shot by Brett Seney.
10:20 of 2nd period - Shot Misses the Net.
10:22 of 2nd period - Backhand shot by Leon Gawanke.
10:22 of 2nd period - Stopped by Martin Jones with a rebound.
10:24 of 2nd period - Snap shot by Leon Gawanke.
10:24 of 2nd period - Goal by Leon Gawanke - Cape Breton Oilers : 3 - Rhode Island Whales : 3.
10:25 of 2nd period - Paul Stastny wins face-off versus Noel Acciari in neutral zone.
10:34 of 2nd period - Kevin Bahl is hit by Lukas Reichel and loses puck.
11:13 of 2nd period - Backhand shot by Martin Kaut.
11:13 of 2nd period - Shot Blocked by Kevin Bahl.
11:15 of 2nd period - Slapshot by Justin Barron.
11:15 of 2nd period - Deflect By Jonah Gadjovich.
11:15 of 2nd period - Stopped by Jack Campbell with a rebound.
11:17 of 2nd period - Wrist shot by Brayden Tracey.
11:17 of 2nd period - Shot Blocked by Philip Broberg.
11:19 of 2nd period - Snap shot by Brayden Tracey.
11:19 of 2nd period - Stopped by Jack Campbell with a rebound.
11:21 of 2nd period - Snap shot by Raphael Lavoie.
11:21 of 2nd period - Stopped by Jack Campbell without a rebound.
11:22 of 2nd period - Max Jones wins face-off versus Paul Stastny in Cape Breton Oilers zone.
11:28 of 2nd period - Off-side.
11:29 of 2nd period - Parker Kelly wins face-off versus Paul Stastny in neutral zone.
11:32 of 2nd period - Slapshot by Leon Gawanke.
11:32 of 2nd period - Deflect By Max Jones.
11:32 of 2nd period - Shot Misses the Net.
11:32 of 2nd period - Puck is out of play.
11:33 of 2nd period - Noel Acciari wins face-off versus Lias Andersson in Rhode Island Whales zone.
11:36 of 2nd period - Snap shot by Alexey Toropchenko.
11:36 of 2nd period - Deflect By Luke Evangelista.
11:36 of 2nd period - Shot Misses the Net.
11:36 of 2nd period - Puck is out of play.
11:37 of 2nd period - Noel Acciari wins face-off versus Lias Andersson in Rhode Island Whales zone.
11:46 of 2nd period - Wrist shot by Alexey Toropchenko.
11:46 of 2nd period - Shot Misses the Net.
11:54 of 2nd period - Lias Andersson is hit by Leon Gawanke and loses puck.
12:25 of 2nd period - Slapshot by Justin Barron.
12:25 of 2nd period - Shot Misses the Net.
12:47 of 2nd period - Snap shot by Martin Kaut.
12:47 of 2nd period - Stopped by Jack Campbell with a rebound.
12:58 of 2nd period - Icing by Martin Kaut.
12:59 of 2nd period - Raphael Lavoie wins face-off versus Jonah Gadjovich in Rhode Island Whales zone.
12:59 of 2nd period - Oliver Wahlstrom and Jonah Gadjovich fight to a draw.
12:59 of 2nd period - Penalty to Oliver Wahlstrom for Fighting.
12:59 of 2nd period - Penalty to Jonah Gadjovich for Fighting.
13:00 of 2nd period - Paul Stastny wins face-off versus Noel Acciari in Rhode Island Whales zone.
13:25 of 2nd period - Snap shot by Lias Andersson.
13:25 of 2nd period - Shot Misses the Net.
13:27 of 2nd period - Snap shot by Lias Andersson.
13:27 of 2nd period - Stopped by Jack Campbell with a rebound.
13:29 of 2nd period - Slapshot by Justin Barron.
13:29 of 2nd period - Stopped by Jack Campbell with a rebound.
13:31 of 2nd period - Snap shot by Nils Lundkvist.
13:31 of 2nd period - Goal by Nils Lundkvist - Cape Breton Oilers : 3 - Rhode Island Whales : 4.
13:32 of 2nd period - Lias Andersson wins face-off versus Noel Acciari in neutral zone.
13:43 of 2nd period - Wrist shot by Luke Evangelista.
13:43 of 2nd period - Stopped by Martin Jones without a rebound.
13:44 of 2nd period - Paul Stastny wins face-off versus Noel Acciari in Rhode Island Whales zone.
13:46 of 2nd period - Minor Penalty to Lukas Reichel for Holding Stick.
13:47 of 2nd period - Hudson Fasching wins face-off versus Paul Stastny in Rhode Island Whales zone.
13:50 of 2nd period - Off-side.
13:51 of 2nd period - Brett Seney wins face-off versus Paul Stastny in neutral zone.
14:00 of 2nd period - Snap shot by Brett Seney.
14:00 of 2nd period - Shot Blocked by Connor Clifton.
14:02 of 2nd period - Snap shot by Brett Seney.
14:02 of 2nd period - Stopped by Martin Jones with a rebound.
14:04 of 2nd period - Slapshot by Brett Seney.
14:04 of 2nd period - Shot Blocked by Braden Schneider.
14:06 of 2nd period - Snap shot by Brett Seney.
14:06 of 2nd period - Shot Misses the Net.
14:20 of 2nd period - Slapshot by Alexey Toropchenko.
14:20 of 2nd period - Goal by Alexey Toropchenko - Cape Breton Oilers : 4 - Rhode Island Whales : 4.
14:21 of 2nd period - Paul Stastny wins face-off versus Noel Acciari in neutral zone.
14:24 of 2nd period - Slapshot by Torey Krug.
14:24 of 2nd period - Stopped by Jack Campbell with a rebound.
14:26 of 2nd period - Wrist shot by Paul Stastny.
14:26 of 2nd period - Shot Misses the Net.
14:28 of 2nd period - Slapshot by Torey Krug.
14:28 of 2nd period - Shot Blocked by Vladislav Kolyachonok.
14:30 of 2nd period - Snap shot by Raphael Lavoie.
14:30 of 2nd period - Stopped by Jack Campbell with a rebound.
14:32 of 2nd period - Backhand shot by Raphael Lavoie.
14:32 of 2nd period - Shot Blocked by Alexey Toropchenko.
14:34 of 2nd period - Wrist shot by Lukas Reichel.
14:34 of 2nd period - Stopped by Jack Campbell without a rebound.
14:35 of 2nd period - Brett Howden wins face-off versus Parker Kelly in Cape Breton Oilers zone.
14:50 of 2nd period - Snap shot by Lias Andersson.
14:50 of 2nd period - Shot Blocked by Philip Broberg.
15:02 of 2nd period - Kevin Bahl is hit by Paul Stastny and loses puck.
15:15 of 2nd period - Paul Stastny is hit by Dylan McIlrath.
15:45 of 2nd period - William Trudeau is hit by Lias Andersson and loses puck.
15:56 of 2nd period - Graeme Clarke is hit by William Trudeau and loses puck.
16:28 of 2nd period - 10 Minutes Misconduct Penalty to Will Cuylle is over.
17:19 of 2nd period - Parker Kelly is hit by Torey Krug and loses puck.
17:42 of 2nd period - Martin Kaut is hit by Kevin Bahl and loses puck.
18:28 of 2nd period - Wrist shot by Martin Kaut.
18:28 of 2nd period - Shot Misses the Net.
19:29 of 2nd period - Nils Lundkvist is hit by Noel Acciari and loses puck.
19:40 of 2nd period - Lukas Reichel is hit by Philip Broberg and loses puck.
19:51 of 2nd period - Snap shot by Brett Howden.
19:51 of 2nd period - Stopped by Jack Campbell without a rebound.
19:52 of 2nd period - Brett Seney wins face-off versus Lias Andersson in Cape Breton Oilers zone.
19:52 of 2nd period - Brett Seney is hit by Lias Andersson.
Goals for this period are 2 for Cape Breton Oilers vs 3 for Rhode Island Whales.
Shots for this period are 9 for Cape Breton Oilers vs 19 for Rhode Island Whales.
3rd period
0:01 of 3rd period - Noel Acciari wins face-off versus Lias Andersson in neutral zone.
1:07 of 3rd period - Icing by Jonah Gadjovich.
1:08 of 3rd period - Matt Luff wins face-off versus Isak Rosen in Cape Breton Oilers zone.
1:08 of 3rd period - Matt Luff is hit by Nils Lundkvist.
1:17 of 3rd period - Minor Penalty to Nils Lundkvist for Hooking.
1:18 of 3rd period - Paul Stastny wins face-off versus Noel Acciari in Rhode Island Whales zone.
1:34 of 3rd period - Wrist shot by Lukas Reichel.
1:34 of 3rd period - Stopped by Jack Campbell with a rebound.
1:52 of 3rd period - Wrist shot by Hudson Fasching.
1:52 of 3rd period - Stopped by Martin Jones without a rebound.
1:53 of 3rd period - Paul Stastny wins face-off versus Brett Seney in Rhode Island Whales zone.
2:16 of 3rd period - Connor Clifton is hit by Alexey Toropchenko and loses puck.
2:29 of 3rd period - Wrist shot by Paul Stastny.
2:29 of 3rd period - Stopped by Jack Campbell without a rebound.
2:30 of 3rd period - Paul Stastny wins face-off versus Brett Seney in Cape Breton Oilers zone.
2:39 of 3rd period - Snap shot by Carl Grundstrom.
2:39 of 3rd period - Shot Misses the Net.
2:41 of 3rd period - Snap shot by Hudson Fasching.
2:41 of 3rd period - Goal by Hudson Fasching - Cape Breton Oilers : 5 - Rhode Island Whales : 4.
2:42 of 3rd period - Noel Acciari wins face-off versus Lias Andersson in neutral zone.
3:21 of 3rd period - Dylan McIlrath is hit by Brett Howden and loses puck.
3:34 of 3rd period - Alexey Toropchenko is hit by Trevor van Riemsdyk and loses puck.
3:47 of 3rd period - Snap shot by Alexey Toropchenko.
3:47 of 3rd period - Shot Misses the Net.
3:49 of 3rd period - Snap shot by Parker Kelly.
3:49 of 3rd period - Shot Misses the Net.
3:55 of 3rd period - Snap shot by Alexey Toropchenko.
3:55 of 3rd period - Deflect By Torey Krug.
3:55 of 3rd period - Stopped by Martin Jones with a rebound.
4:11 of 3rd period - Wrist shot by Max Jones.
4:11 of 3rd period - Stopped by Martin Jones with a rebound.
4:13 of 3rd period - Slapshot by Max Jones.
4:13 of 3rd period - Shot Blocked by Graeme Clarke.
4:15 of 3rd period - Snap shot by Max Jones.
4:15 of 3rd period - Stopped by Martin Jones without a rebound.
4:16 of 3rd period - Brett Seney wins face-off versus Paul Stastny in Rhode Island Whales zone.
4:28 of 3rd period - Snap shot by Brett Seney.
4:28 of 3rd period - Stopped by Martin Jones without a rebound.
4:29 of 3rd period - Brett Seney wins face-off versus Raphael Lavoie in Rhode Island Whales zone.
4:36 of 3rd period - William Trudeau is hit by Nils Lundkvist and loses puck.
4:55 of 3rd period - Sam Carrick is hit by Oliver Wahlstrom and loses puck.
6:27 of 3rd period - Isak Rosen is hit by Dylan McIlrath and loses puck.
7:59 of 3rd period - Justin Barron is hit by Carl Grundstrom and loses puck.
8:42 of 3rd period - Minor Penalty to William Trudeau for Tripping.
8:43 of 3rd period - Graeme Clarke wins face-off versus Noel Acciari in Cape Breton Oilers zone.
8:46 of 3rd period - Wrist shot by Brett Howden.
8:46 of 3rd period - Shot Blocked by Kevin Bahl.
8:56 of 3rd period - Snap shot by Parker Kelly.
8:56 of 3rd period - Stopped by Martin Jones with a rebound.
8:58 of 3rd period - Slapshot by Kevin Bahl.
8:58 of 3rd period - Shot Misses the Net.
9:08 of 3rd period - Alexey Toropchenko is hit by Braden Schneider and loses puck.
10:13 of 3rd period - Connor Clifton is hit by Parker Kelly and loses puck.
10:42 of 3rd period - Penalty to William Trudeau is over, William Trudeau is back on ice.
10:42 of 3rd period - Max Jones is hit by Lukas Reichel and loses puck.
11:54 of 3rd period - Icing by Noel Acciari.
11:55 of 3rd period - Brett Seney wins face-off versus Paul Stastny in Cape Breton Oilers zone.
12:23 of 3rd period - Braden Schneider is hit by Kevin Bahl and loses puck.
13:00 of 3rd period - Wrist shot by Cross Hanas.
13:00 of 3rd period - Stopped by Jack Campbell with a rebound.
13:02 of 3rd period - Slapshot by Connor Clifton.
13:02 of 3rd period - Shot Misses the Net.
13:14 of 3rd period - Wrist shot by Lukas Reichel.
13:14 of 3rd period - Stopped by Jack Campbell without a rebound.
13:15 of 3rd period - Paul Stastny wins face-off versus Brett Seney in Cape Breton Oilers zone.
13:40 of 3rd period - Trevor van Riemsdyk is hit by Philip Broberg.
13:52 of 3rd period - Snap shot by Luke Evangelista.
13:52 of 3rd period - Shot Misses the Net.
14:27 of 3rd period - Wrist shot by Isak Rosen.
14:27 of 3rd period - Shot Misses the Net.
15:01 of 3rd period - Snap shot by Noel Acciari.
15:01 of 3rd period - Shot Misses the Net.
15:03 of 3rd period - Slapshot by Noel Acciari.
15:03 of 3rd period - Deflect By Max Jones.
15:03 of 3rd period - Stopped by Martin Jones with a rebound.
15:41 of 3rd period - Dylan McIlrath is hit by Trevor van Riemsdyk and loses puck.
15:57 of 3rd period - Off-side.
15:58 of 3rd period - Paul Stastny wins face-off versus Parker Kelly in neutral zone.
15:58 of 3rd period - Connor Clifton and Max Jones fight to a draw.
15:58 of 3rd period - Penalty to Connor Clifton for Fighting.
15:58 of 3rd period - Penalty to Max Jones for Fighting.
15:59 of 3rd period - Raphael Lavoie wins face-off versus Parker Kelly in neutral zone.
16:05 of 3rd period - Raphael Lavoie and Luke Evangelista fight to a draw.
16:05 of 3rd period - Penalty to Raphael Lavoie for Fighting.
16:05 of 3rd period - Penalty to Luke Evangelista for Fighting.
16:06 of 3rd period - Parker Kelly wins face-off versus Martin Kaut in Cape Breton Oilers zone.
16:31 of 3rd period - Justin Barron is hit by Noel Acciari and loses puck.
16:48 of 3rd period - Snap shot by Alexey Toropchenko.
16:48 of 3rd period - Stopped by Martin Jones without a rebound.
16:49 of 3rd period - Paul Stastny wins face-off versus Sam Carrick in Rhode Island Whales zone.
17:00 of 3rd period - Slapshot by Lukas Reichel.
17:00 of 3rd period - Shot Misses the Net.
17:14 of 3rd period - Brett Seney is hit by Trevor van Riemsdyk and loses puck.
17:23 of 3rd period - Lias Andersson is hit by Carl Grundstrom and loses puck.
17:44 of 3rd period - Braden Schneider is hit by Vladislav Kolyachonok and loses puck.
17:57 of 3rd period - Philip Broberg is hit by Lukas Reichel and loses puck.
19:45 of 3rd period - Snap shot by Noel Acciari.
19:45 of 3rd period - Shot Misses the Net.
19:47 of 3rd period - Snap shot by Parker Kelly.
19:47 of 3rd period - Stopped by Martin Jones without a rebound.
19:48 of 3rd period - Guy Boucher call a timeout for Rhode Island Whales.
19:48 of 3rd period - Paul Stastny wins face-off versus Noel Acciari in Rhode Island Whales zone.
Goals for this period are 1 for Cape Breton Oilers vs 0 for Rhode Island Whales.
Shots for this period are 10 for Cape Breton Oilers vs 4 for Rhode Island Whales.
Back to the Top